AoeStats
← SteeveBalboni

Runestones

508056326Analyzed
1v1 RM · 11d ago on Sep 20, 2026· 30m 50s· 2 players
Game mode
Random Map
Map size
Tiny (2 player)
Population
200
Speed
Normal
Resources
Standard
Victory
Conquest
Starting age
Dark Age
Ending age
Imperial Age
RankedLock teamsTeams togetherTeam positionsShared explorationLock speedFull tech treeHidden civsTurbo modeCheats
Victory
Defeat
🇪🇸 Khmer · Spain
799
+15
🇨🇦 Goths · Canada
770
-38
GAMOX | anngamo
2:36 Loom
10:21 Feudal Age
11:39 Double-Bit Axe
11:47 Horse Collar
21:54 Castle Age
20:38 Scale Barding Armor
22:09 Bloodlines
23:08 Chain Barding Armor
22:56 Husbandry
23:17 Bow Saw
23:09 Heavy Plow
23:56 Wheelbarrow
SteeveBalboni
11:19 Feudal Age
14:12 Double-Bit Axe
15:03 Horse Collar
26:02 Wheelbarrow
30:34 Castle Age
Connection lost

Rejoining the realm…

Still unreachable

The connection could not be restored.

Session expired

The server has moved on; the page needs a fresh start.